 Dungeon Crawl Stone Soup version 0.18-a0-1390-gc02854d (webtiles) character file.

165 dvd the Sneak (level 5, -1/28 HPs)
             Began as a Deep Elf Fire Elementalist on Feb 22, 2016.
             Slain by a gnoll
             ... wielding a +0 flail
              (8 damage)
             ... on level 3 of the Dungeon.
             The game lasted 00:07:53 (1961 turns).

dvd the Sneak (Deep Elf Fire Elementalist)          Turns: 1961, Time: 00:07:53

Health: -1/28      AC:  4    Str:  5    XL:     5   Next: 21%
Magic:  8/13       EV: 13    Int: 21    God:
Gold:   146        SH:  0    Dex: 15    Spells: 3 memorised, 5 levels left

rFire  . . .     SeeInvis .     r - +3 quarterstaff (chaos)
rCold  . . .     Gourm    .     e - +0 robe
rNeg   . . .     Faith    .     (shield currently unavailable)
rPois  .         Spirit   .     (no helmet)
rElec  .         Dismiss  .     s - +0 cloak
rCorr  .         Reflect  .     (no gloves)
SustAt .         Harm     .     j - +0 pair of boots
MR     .....                    (no amulet)
Stlth  ++++......               (no ring)
                                l - ring of stealth

@: not resistant to hostile enchantments, stealthy
A: no striking features
a: no special abilities


You were on level 3 of the Dungeon.
You were not hungry.

You visited 1 branch of the dungeon, and saw 3 of its levels.

You collected 146 gold pieces.

Inventory:

Hand Weapons
 a - a +0 dagger
 h - a +0 short sword
 r - a +3 quarterstaff of chaos (weapon)
Armour
 e - a +0 robe (worn)
 j - a +0 pair of boots (worn)
 s - a +0 cloak (worn)
 x - a +0 cloak
Jewellery
 l - a ring of stealth (left hand)
Scrolls
 d - a scroll of remove curse
 g - a scroll of teleportation {unknown}
 m - 4 scrolls of identify {unknown}
 n - 3 scrolls of enchant weapon {unknown}
 t - a scroll of fear {unknown}
 u - 2 scrolls of recharging {unknown}
Potions
 f - a potion of curing {unknown}
 k - a potion of berserk rage {unknown}
 o - a potion of lignification {unknown}
 q - a potion of brilliance {unknown}
 v - 2 potions of heal wounds {unknown}
 w - a potion of ambrosia {unknown}
Books
 b - a book of Flames

   Spells                             Type                      Level
   a - Flame Tongue                   Conjuration/Fire             1
   b - Throw Flame                    Conjuration/Fire             2
   c - Conjure Flame                  Conjuration/Fire             3
   d - Inner Flame                    Hexes/Fire                   3
   e - Sticky Flame                   Conjuration/Fire             4
   f - Fireball                       Conjuration/Fire             5
Comestibles
 c - 2 bread rations
 i - a slice of pizza
 p - 2 meat rations


   Skills:
 + Level 0.1 Fighting
 + Level 1.0 Short Blades
 + Level 3.2 Dodging
 + Level 4.6 Stealth
 + Level 4.0 Spellcasting
 + Level 1.8 Conjurations
 + Level 4.1 Fire Magic


You had 5 spell levels left.
You knew the following spells:

 Your Spells              Type           Power        Failure   Level  Hunger
a - Flame Tongue          Conj/Fire      ###..        3%          1    None
b - Throw Flame           Conj/Fire      ###...       6%          2    #......
c - Sticky Flame          Conj/Fire      ###.....     34%         4    ####...


Dungeon Overview and Level Annotations

Branches:
Dungeon (3/15)

Altars:


Message History

The gnoll hits you from afar with a spear.
Casting: Flame Tongue
Confirm with . or Enter, or press ? or * to list all spells.
Aiming: Flame Tongue
Press: ? - help, Shift-Dir - straight line, f/p - gnoll
Aim: a gnoll, wielding a spear (almost dead)
The flame tongue hits the gnoll.
You kill the gnoll!
You closely miss the gnoll. The gnoll misses you.
Casting: Flame Tongue
Confirm with . or Enter, or press ? or * to list all spells.
Aiming: Flame Tongue
Press: ? - help, Shift-Dir - straight line, f - gnoll
Aim: a gnoll, wielding a flail The flame tongue misses the gnoll.
The gnoll hits you with a flail!
* * * LOW HITPOINT WARNING * * *
You hit the giant cockroach.
There is a sudden explosion of sparks!
You kill the giant cockroach!
The gnoll hits you with a flail!
You die...

....##.........# #.......#......
....##.........# #..............
..####.........# #..............
...........)..#####..............
..........)......##...........)..
.................##...........##.
...........(.....##.......(...#
.......).........##..............
.............).g@)...........>...
.........#.(((...................
....)#####.(.............##......
..)..#####.......................
.....†.g.......#....##.........
......g........#.............
......................<......
.......)....................
............###.........##.


You could see a gnoll.

Vanquished Creatures
  Crazy Yiuf (D:2)
  3 gnolls (D:3)
  3 adders (D:2)
  2 oozes
  2 dart slugs
  4 giant geckos
  7 orcs (D:3)
  3 giant cockroaches
  6 goblins
  7 hobgoblins
  A jackal (D:1)
  2 quokkas
  2 ball pythons
  3 bats
  2 giant newts
  8 kobolds
  6 rats
  A fungus (D:2)
63 creatures vanquished.

Notes
Turn   | Place    | Note
--------------------------------------------------------------
     0 | D:1      | dvd the Deep Elf Fire Elementalist began the quest for the Orb.
     0 | D:1      | Reached XP level 1. HP: 10/10 MP: 6/6
     1 | D:1      | Found a runed door.
   174 | D:1      | Reached XP level 2. HP: 15/15 MP: 5/8
   559 | D:2      | Reached XP level 3. HP: 19/19 MP: 9/9
   570 | D:2      | Learned a level 2 spell: Throw Flame
   896 | D:2      | Reached XP level 4. HP: 24/24 MP: 11/11
  1460 | D:2      | Noticed Crazy Yiuf
  1465 | D:2      | Killed Crazy Yiuf
  1616 | D:3      | Learned a level 4 spell: Sticky Flame
  1911 | D:3      | Reached XP level 5. HP: 19/28 MP: 8/13
  1948 | D:3      | Reached skill level 1 in Short Blades
  1961 | D:3      | Slain by a gnoll

Vault maps used:
D:1:      dpeg_arrival_caged_fury
D:2:      first_bread, uniq_crazy_yiuf_cottage

Skill      XL: |  1  2  3  4  5 |
---------------+----------------+-----
Stealth        | 3 4 |  4.6
Fire Magic     | 4 |  4.1
Dodging        | 3 |  3.2
Spellcasting   | 4 |  4.0
Short Blades   | 1 |  1.0
Fighting       | |  0.1
Conjurations   | |  1.8

Action                   |  1- 3 |  4- 6 || total
-------------------------+-------+-------++-------
Melee: Dagger            |     7 |    33 ||    40
       Quarterstaff      |       |    17 ||    17
 Cast: Flame Tongue      |    42 |    25 ||    67
       Throw Flame       |     1 |    11 ||    12
  Use: Scroll            |     2 |       ||     2
 Stab: Sleeping          |     6 |     4 ||    10
  Eat: Chunk             |       |     3 ||     3
